badnik, neutral male gnomish Archeologist ------------------------- ------------------------ |......................S ......:?................| |..............%.!!..... ........................| |................./?.... ........................| |..................S.... ...........*............| |....................... ........................| .................M......Y................................................ h M.................. ....... ... ............` ............. .... ............................ G |............Faa...........n..............................................| |...........d....a.a.k.. o r ........................| |...F.......'u........f. .e.............!........| |..........@............ ....?..h................| |.>.........`.......a... ...S..........+.........| |.............!......... ...........S..[.........| |....................... o G ........................| ------------------------- ------------------------ badnik the Digger Experience level: 1 Strength: 10 Dexterity: 13 Constitution: 10 Intelligence: 15 Wisdom: 14 Charisma: 13 Health: 0(12) Energy: 3(3) Def: 1 Gold: 228 Moves: 271 Dungeon seed: 7sXTCb3c68mTqeTp Game ID: badnik_1498648280 Your Inventory: Coins $ - 228 gold pieces Weapons a - a +2 bullwhip Armor e - an uncursed +0 leather jacket (being worn) n - an uncursed +0 fedora (being worn) Comestibles b - 3 uncursed food rations Tools c - a +0 pick-axe (weapon in hand) d - a tinning kit (0:65) f - an uncursed sack Gems q - an uncursed touchstone Spells and supernatural/magical abilities: Name Level Category Fail Memory W - pray for help -- divine ? -- Your skills at the end: Fighting Skills Weapon Skills pick-axe [Basic] whip [Basic] Spellcasting Skills Final Attributes: You were fervently aligned. You had infravision. You were stealthy. You were held by a rope golem. You were fast. You are dead. Vanquished creatures: a shrieker a jackal 2 creatures vanquished. Voluntary challenges: You went without food. You were an atheist. You never hit with a wielded weapon. You were a pacifist. You were illiterate. You never genocided any monsters. You never polymorphed an object. You never changed form. You used no wishes. You never split a pudding. You never wrote Elbereth's name. You never violated your personal moral code. Dungeon overview: The Dungeons of Doom: levels 1 to 11 Level 1 a long staircase Level 2 Level 3 a fountain Level 4 a fountain Level 5 Level 6 a sink Level 7 a fountain Level 8 Level 9 an altar to Quetzalcoatl a long staircase Level 10 Level 11 <- You were here History has recorded: On T:1 you entered the Dungeons of Doom to retrieve the Amulet of Yendor! On T:27 you reached level 2 of The Dungeons of Doom. On T:49 you reached level 3 of The Dungeons of Doom. On T:69 you reached level 4 of The Dungeons of Doom. On T:104 you reached level 5 of The Dungeons of Doom. On T:125 you reached level 6 of The Dungeons of Doom. On T:147 you reached level 7 of The Dungeons of Doom. On T:188 you reached level 8 of The Dungeons of Doom. On T:209 you reached level 9 of The Dungeons of Doom. On T:228 you reached level 10 of The Dungeons of Doom. On T:265 you reached level 11 of The Dungeons of Doom. Score breakdown: Gold: 228 ( 8027 points) Experience: 1 level ( 0 points) Exploration: 11 levels ( 21.15%) (13284 points) Discoveries: 0 items ( 0.00%) ( 0 points) Valuables value: (no points given unless you survive) Artifact value: 0 ( 0 points) Variety of kills: 2 monsters ( 0.52%) ( 2173 points) Turncount: 271 turns ( 0 points) Survival: died (score multiplied by 80%) Total score: 18787 Latest messages: The fountain dries up! You continue digging downward. You dig a pit in the floor. You continue digging downward. (4x) You are still in a pit. You crawl to the edge of the pit. You go down into the pit. You continue digging downward. (10x) You dig a hole through the floor. You fall through... You start digging downward. You stop exploring. (3x) Where do you want to travel to? You stop travelling. You start digging downward. You continue digging downward. The rope golem hits! (2x) The rope golem grabs you! You die... The sack is empty. The sack is empty. Final status: Goodbye badnik the Archeologist, killed by a rope golem... You died in The Dungeons of Doom on dungeon level 11 with 18787 points, and 228 pieces of gold, after 271 moves. You were level 1 with a maximum of 12 hit points when you died.